 Dungeon Crawl Stone Soup version 0.27-a0-1324-ge0d8e047f6 (webtiles) character file.

Game seed: 16685716549435993548

174 sanka the Magician (level 5, -4/35 HPs)
             Began as a Djinni Summoner on June 23, 2021.
             Shot with a bolt by an orc (17 damage)
             ... in a bailey.
             The game lasted 00:06:59 (5668 turns).

sanka the Magician (Djinni Summoner)                Turns: 5668, Time: 00:07:00

Health: -4/35      AC:  3    Str: 13    XL:     5   Next: 84%
Gold:   172        EV: 12    Int: 17    God:
                   SH:  0    Dex: 14

rFire    + + .     SeeInvis .   i - +0 long sword
rCold    x . .     Faith    .   (no shield)
rNeg     . . .     Spirit   .   a - +0 robe
rPois    ∞         Reflect  .   (no helmet)
rElec    .         Harm     .   (no cloak)
rCorr    .         Rampage  .   f - +0 pair of gloves
Will     .....                  (boots unavailable)
Stlth    ++........             (no amulet)
HPRegen  0.11/turn              o - +6 ring of strength
MPRegen  0.00/turn              (no ring)

@: flying, very slightly contaminated
A: sickness immunity, fire resistance 2, cold vulnerability 1, float, innate
caster, hp casting, extra vitality 1
a: no special abilities


You were in a bailey.
You visited 1 branch of the dungeon, and saw 6 of its levels.
You also visited: Bailey.

You collected 172 gold pieces.


Innate Abilities, Weirdness & Mutations

You are immune to sickness and miasma.
You are immune to poison.
Your flesh is very heat resistant. (rF++)
You are vulnerable to cold. (rC-)
You float through the air rather than walking.
You learn spells naturally, not from books.
Your magical power is your life essence.
You have superior vitality. (+4 HP)


   Skills:
 - Level 2.1 Dodging
 - Level 1.5 Stealth
 + Level 5.2 Spellcasting


You couldn't memorise any spells.
You knew the following spells:

 Your Spells              Type           Power      Damage    Failure   Level
c - Call Canine Familiar  Summ           22%        N/A       4%          3
v - Summon Ice Beast      Ice/Summ       22%        N/A       16%         4
x - Call Imp              Summ           22%        N/A       2%          2
y - Pain                  Necr           88%        1d8       1%          1
z - Summon Small Mammal   Summ           88%        N/A       1%          1
N - Passwall              Tmut/Erth      18%        N/A       2%          2
X - Summon Lightning Spi  Summ/Air       22%        N/A       16%         4
Z - Summon Guardian Gole  Hex/Summ       22%        N/A       4%          3
Your spell library was empty.

Inventory:

Hand Weapons
 g - a +0 short sword
 i - a +0 long sword (weapon)
Armour
 a - a +0 robe (worn)
 f - a +0 pair of gloves (worn)
Jewellery
 o - a +6 ring of strength (left hand)
Wands
 m - a wand of polymorph (6)
Scrolls
 b - a scroll of vulnerability {unknown}
 c - 3 scrolls of amnesia {unknown}
 d - 2 scrolls of identify {unknown}
 e - a scroll of immolation {unknown}
 k - 4 scrolls of teleportation {unknown}
 n - a scroll of silence {unknown}
Potions
 h - a potion of ambrosia {unknown}
 j - a potion of flight {unknown}
 l - a potion of mutation {unknown}
 p - a potion of berserk rage {unknown}
 q - a potion of brilliance {unknown}

Dungeon Overview and Level Annotations

Branches:
Dungeon (8/15)             Bailey (1/1)
 Temple: D:4-7         Lair: D:8-11

Altars:
Fedhas
Yredelemnul
The Shining One

▒▒▒▒▒▒▒▒▒▒▒
▒∩5........
▒.R........
▒..........
▒........o.
▒..........
▒..........
▒......≈≈≈≈
▒......≈≈▒o
▒......≈▒▒
▒......≈o


You could see an orc (ally target) and a friendly crimson imp (summoned).


Message History

Okay, then.
A beastly little devil appears in a puff of flame.
A beastly little devil appears in a puff of flame.
Your crimson imp says, "I'm here!"
The orc shouts!
The orc shouts!
You hear a shout!
The orc shoots a bolt.
The bolt hits you.
A beastly little devil appears in a puff of flame.
The orc shoots a bolt.
The bolt hits you!
* * * LOW HITPOINT WARNING * * *
Unknown command.
There is an empty arch of ancient stone here.
You start resting.
An orc is nearby!
An orc is nearby!
Unknown command.
A beastly little devil appears in a puff of flame.
The orc shoots a bolt.
The bolt hits you!
* * * LOW HITPOINT WARNING * * *
You miscast Call Imp.
You are very lightly contaminated with residual magic.
Nothing appears to happen.
* * * LOW HITPOINT WARNING * * *
The orc shoots a bolt.
The bolt hits you!
You die...

Action                   |  1- 3 |  4- 6 || total
-------------------------+-------+-------++-------
Melee: Unarmed           |    14 |       ||    14
       Long sword        |    54 |    44 ||    98
       Short sword       |    26 |       ||    26
 Cast: Summon Small Mamm |    53 |       ||    53
       Call Imp          |    11 |    22 ||    33
 Stab: Sleeping          |     2 |     1 ||     3
Armor: Robe              |    39 |    14 ||    53
Dodge: Dodged            |    87 |    51 ||   138
       Rpst.: Long sword |    15 |    20 ||    35

Levels and vault maps discovered:
D:1:      dpeg_arrival_houses_and_road, layout_basic,
          chequers_serial_rivers_small_3, minmay_tromino_i4
D:2:      layout_loops_ring, chequers_serial_rivers_small_3
D:3:      layout_rooms, nicolae_overflow_hidden_temple, minmay_cut_off
D:4:      layout_rooms, minitemple
D:5:      layout_basic
D:8:      layout_layer_cave, enter_bailey_4, hangedman_decor_points, uniq_pikel
Bailey:   bailey_polearm_2, bailey

Notes
Turn   | Place    | Note
-------+----------+-------------------------------------------
     0 | D:1      | sanka the Djinni Summoner began the quest for the Orb.
     0 | D:1      | Reached XP level 1. HP: 15/15 MP: 0/0
   296 | D:1      | Reached XP level 2. HP: 15/21 MP: 0/0
  1936 | D:2      | Reached XP level 3. HP: 18/25 MP: 0/0
  1936 | D:2      | Learned a level 1 spell: Pain
  2397 | D:2      | Reached skill level 4 in Spellcasting
  2997 | D:3      | HP: 2/25 [quokka (2)]
  3642 | D:3      | Reached XP level 4. HP: 12/31 MP: 0/0
  4310 | D:4      | Reached XP level 5. HP: 24/35 MP: 0/0
  4310 | D:4      | Learned a level 2 spell: Passwall
  4539 | D:4      | Noticed a bullfrog
  4553 | D:4      | Killed a bullfrog
  4554 | D:4      | Reached skill level 5 in Spellcasting
  5032 | D:4      | Found a glowing golden altar of the Shining One.
  5051 | D:4      | Found a blossoming altar of Fedhas.
  5054 | D:4      | Found a basalt altar of Yredelemnul.
  5243 | D:5      | Entered Level 5 of the Dungeon
  5248 | D:5      | You are sucked into a shaft and drop 3 floors!
  5252 | D:8      | Found a flagged portal.
  5510 | Bailey   | Entered a bailey
  5668 | Bailey   | Shot with a bolt by an orc

Vanquished Creatures
  A bullfrog skeleton (D:4)
  A hound skeleton (D:4)
  2 adders
  An ufetubus (D:4)
  An adder skeleton (D:4)
  An orc (D:3)
  2 ball pythons
  An endoplasm (D:2)
  A giant cockroach (D:3)
  4 goblins
  2 hobgoblins
  2 jackals (D:4)
  2 quokkas (D:3)
  2 bats (D:3)
  A frilled lizard (D:2)
  6 kobolds
  A rat (D:2)
31 creatures vanquished.

Vanquished Creatures (collateral kills)
  A bullfrog (D:4)
  2 adders
  A worm (D:2)
  3 ball pythons
  3 bats (D:1)
  2 endoplasms (D:1)
  7 goblins
  11 hobgoblins
  A jackal (D:1)
  3 kobolds
  2 quokkas (D:1)
  A frilled lizard (D:1)
  3 rats (D:1)
40 creatures vanquished.

Grand Total: 71 creatures vanquished
